 Dungeon Crawl Stone Soup version 0.32-a0-913-g739538afd8 (webtiles) character file.

Game seed: 7873809590348762520

209 Autsider the Gusty (level 5, -6/42 HPs)
             Began as a Tengu Air Elementalist on Apr 8, 2024.
             Asphyxiated
             ... on level 3 of the Dungeon.
             The game lasted 00:07:16 (1800 turns).

Autsider the Gusty (Tengu Air Elementalist)         Turns: 1800, Time: 00:07:17

Health: -6/42      AC: 22    Str:  9    XL:     5   Next: 87%
Magic:  18/18      EV:  2    Int: 17    God:
Gold:   168        SH:  0    Dex: 14    Spells: 7/8 levels left

rFire   . . .        c - staff of conjuration
rCold   . . .        (no shield)
rNeg    . . .        a - melded +0 robe
rPois   +            (helmet currently unavailable)
rElec   .            (cloak currently unavailable)
rCorr   .            (gloves currently unavailable)
SInv    .            (boots unavailable)
Will    .....        d - amulet of magic regeneration
Stlth   ++           e - ring of magical power
HPRegen 0.27/turn    (no ring)
MPRegen 0.56/turn

%: acrobat
@: lethally poisoned (-6 -> -30), tree-form, slowed, very slow
A: stationary, stasis, torment immunity, boosted hp, (beak), (talons 3),
acrobatic
a: no special abilities


You were on level 3 of the Dungeon.
You were a tree.
You visited 1 branch of the dungeon, and saw 3 of its levels.

You collected 168 gold pieces.

Inventory:

Armour
 a - a +0 robe (melded)
Magical Staves
 c - a staff of conjuration (weapon)
Jewellery
 d - an amulet of magic regeneration (around neck)
 e - a ring of magical power (left branch)
Wands
 q - a wand of charming (6)
Scrolls
 h - a scroll of summoning {unknown}
 i - 2 scrolls of enchant armour {unknown}
 k - a scroll of enchant weapon {unknown}
 r - a scroll of identify {unknown}
 s - a scroll of amnesia {unknown}
Potions
 b - a potion of magic
 f - a potion of resistance {unknown}
 g - 2 potions of lignification
 j - a potion of enlightenment {unknown}
 l - a potion of ambrosia {unknown}
 m - a potion of haste {unknown}
 n - a potion of berserk rage {unknown}
 o - a potion of degeneration {unknown}
 p - 2 potions of curing {unknown}


   Skills:
 - Level 2.1 Dodging
 - Level 2.0 Stealth
 - Level 2.0 Spellcasting
 - Level 3.0 Conjurations
 + Level 7.9 Air Magic


You had 7 spell levels left.
You knew the following spells:

 Your Spells              Type           Power      Damage    Failure   Level
a - Shock                 Conj/Air       100%       1d9       1%          1

Your spell library contained the following spells:

 Spells                   Type           Power      Damage    Failure   Level
 Swiftness                Air            28%        N/A       2%          3
 Static Discharge         Conj/Air       60%        3-6/arc   3%          2
 Airstrike                Air            14%        2d(2-18)  8%          4
 Foxfire                  Conj/Fire      40%        2x1d6     11%         1
 Vhi's Electric Charge    Tloc/Air       30%        N/A       36%         4
 Passwall                 Erth           1%         N/A       50%         3
 Summon Ice Beast         Ice/Summ       1%         N/A       50%         3
 Volatile Blastmotes      Fire/Tloc      2%         2d10      50%         3
 Summon Mana Viper        Hex/Summ       1%         N/A       99%         5
 Plasma Beam              Fire/Air       7%         2x1d18    99%         6
 Bombard                  Conj/Erth      5%         9d2       100%        6
 Starburst                Conj/Fire      5%         6d4       100%        6
 Monstrous Menagerie      Summ           0%         N/A       100%        7


Dungeon Overview and Level Annotations

Branches:
Dungeon (3/15)

Altars:


Innate Abilities, Weirdness & Mutations

You are a tree.
Your roots penetrate the ground, keeping you stationary.
You cannot be teleported.
You are immune to unholy pain and torment.
Your maximum health is greatly increased.
Your equipment is partially melded.
((You have a beak for a mouth.))
((You have claws for feet.))
You can magically evade attacks while moving or waiting.


Message History

You feel very sick.
The kobold brigand throws a poisoned dart.
The poisoned dart hits you!
You are more poisoned.
The kobold brigand throws a curare-tipped dart.
The curare-tipped dart barely misses you.
You are too injured to fight recklessly!
Unknown command.
* * * LOW HITPOINT WARNING * * *
You feel very sick.
You feel very sick.
The kobold brigand throws a poisoned dart.
The poisoned dart hits you!
You are lethally poisoned!
Okay, then.
Casting: Shock (safe; 1% risk of failure)
Confirm with . or Enter, or press ? or * to list all spells.
Aiming: Shock (safe; 1% risk of failure)
Press: ? - help, Shift-Dir - straight line, f/p - kobold brigand
Aim: a kobold brigand, wielding a +0 club and quivering poisoned darts (moderately wounded, 67% to hit)
Okay, then.
Okay, then.
Casting: Shock (safe; 1% risk of failure)
Confirm with . or Enter, or press ? or * to list all spells.
Aiming: Shock (safe; 1% risk of failure)
Press: ? - help, Shift-Dir - straight line, f/p - kobold brigand
Aim: a kobold brigand, wielding a +0 club and quivering poisoned darts (moderately wounded, 67% to hit)
You feel a surge of power!
The zap hits the kobold brigand.
The kobold brigand is moderately wounded.
* * * LOW HITPOINT WARNING * * *
You feel very sick.
It was a potion of lignification.
You turn into a tree.
Your +0 robe melds into your body.
Your roots penetrate the ground.
* * * LOW HITPOINT WARNING * * *
You feel very sick.
The kobold brigand throws a curare-tipped dart.
The curare-tipped dart hits you.
You are more poisoned.
You have difficulty breathing.
You die...

#.......~##..# #...# ##
######.~~~#..## #...# #.
#.~~≈##..# ##### #. ####.~~≈≈#..#
#. #....~~≈##K. ## ####
#.##.~~~#..# # ...# #.##.#~~#K.#
# ##.# #.##.##~#..# #############
#.#####.##..#~#♣.###..........#
#.....#.###.###..#~#.#.#.#.#..#
######.#.###.##..##~#.#........#
.............##..#~~#<..#.#.#..##
####...##....#.)##~~#.#..........
#............#..#≈~~~...#)#.#....
#.#.#.#.#....#))#≈≈~~#.........#.
#........†...#..#≈≈~~####.#...##.
#.#.#.#.#....#).##~~####....####.


You could see 2 kobold brigands.

Vanquished Creatures
  A bombardier beetle (D:3)
  A jelly (D:3)
  A gnoll (D:1)
  6 adders
  A dart slug (D:3)
  An orc (D:3)
  7 endoplasms
  8 giant cockroaches
  7 hobgoblins
  5 jackals (D:1)
  16 kobolds
  5 ball pythons
  8 bats
  3 frilled lizards
  5 goblins
  4 rats
79 creatures vanquished.

Notes
Turn   | Place    | Note
-------+----------+-------------------------------------------
     0 | D:1      | Autsider the Tengu Air Elementalist began the quest for the
                  | Orb.
     0 | D:1      | Reached XP level 1. HP: 10/10 MP: 4/4
   184 | D:1      | Reached XP level 2. HP: 15/15 MP: 6/6
   301 | D:1      | Reached XP level 3. HP: 19/19 MP: 7/7
   378 | D:1      | Reached skill level 5 in Air Magic
   647 | D:2      | Reached XP level 4. HP: 24/24 MP: 8/8
   804 | D:2      | Reached skill level 6 in Air Magic
  1029 | D:2      | Found a faded altar of an unknown god.
  1321 | D:3      | Reached XP level 5. HP: 28/28 MP: 9/9
  1511 | D:3      | Reached skill level 7 in Air Magic
  1794 | D:3      | Noticed a kobold brigand
  1795 | D:3      | Noticed a kobold brigand
  1800 | D:3      | Asphyxiated

Illustrated notes

Levels and vault maps discovered:
D:1:      reono_arrival_forest_river, layout_rooms, minmay_misc_feat_nine_boxes
D:2:      layout_basic, ebering_ecumenical_altar_mist
D:3:      cheibrodos_thug_alley, layout_basic, serial_glass, glass_columns_a,
          glass_columns_c, glass_columns_c, glass_columns_a, glass_columns_b,
          glass_columns_c, glass_columns_b, glass_columns_b, glass_columns_b,
          glass_columns_a

Skill      XL: |  1  2  3  4  5 |
---------------+----------------+-----
Conjurations   | 2 3 |  3.0
Air Magic      | 5 6 7 |  7.9
Dodging        | |  2.1
Stealth        | |  2.0
Spellcasting   | |  2.0

Action                     |  1- 3 |  4- 6 || total
---------------------------+-------+-------++-------
  Melee: Unarmed           |     2 |       ||     2
         Peck              |     1 |       ||     1
   Cast: Shock             |    67 |    73 ||   140
    Use: Potion            |       |     1 ||     1
 Armour: Robe              |     4 |     3 ||     7
  Dodge: Dodged            |     3 |     3 ||     6

Table legend: (Time is in decaauts)
 A = Elapsed time spent in this place.
 B = Non-inter-level travel time spent in this place.
 C = Inter-level travel time spent in this place.
 D = Time resting spent in this place.
 E = Time spent auto-exploring this place.
 F = Levels seen in this place.
 G = Mean time per level.
                   A        B        C        D        E       F      G
               +--------+--------+--------+--------+--------+-----+--------+
         Total |   1813 |   1745 |     68 |     29 |   1393 |   3 |  604.3 |
       Dungeon |   1813 |   1745 |     68 |     29 |   1393 |   3 |  604.3 |
               +--------+--------+--------+--------+--------+-----+--------+

Top non-repeatable levels by time:
     D:2: 683 daAuts
     D:1: 637 daAuts
     D:3: 492 daAuts
